 Dungeon Sprint DCSS version 0.28-a0-461-g2dc4ca5097 (webtiles) character file.

Game seed: 9132974052977891887

1288 MikeHunt the Adept (level 8, -2/48 (52) HPs)
             Began as a Demonspawn Earth Elementalist on Sept 13, 2021.
             Was a Believer of Sif Muna.
             Killed from afar by Josephine (24 damage)
             ... with a ghostly fireball
             ... in the Dungeon (Sprint III: "The Ten Rune Challenge").
             The game lasted 00:03:57 (839 turns).

MikeHunt the Adept (Demonspawn Earth Elementalist)   Turns: 839, Time: 00:03:58

HP:   -2/48 (52)    AC:  9    Str:  8    XL:     8   Next: 30%
MP:   12/19         EV: 12    Int: 20    God:    Sif Muna [**....]
Gold: 37            SH:  0    Dex: 13    Spells: 10/22 levels left

rFire   . . .      SeeInvis .   (no weapon)
rCold   . . .      Faith    .   (no shield)
rNeg    . . .      Spirit   .   b - +0 robe
rPois   .          Reflect  .   (no helmet)
rElec   .          Harm     .   k - +0 cloak
rCorr   .          Rampage  .   (no gloves)
Will    .....      NoTele   +   (no boots)
Stlth   ++........              (no amulet)
HPRegen 0.16/turn               (no ring)
MPRegen 0.32/turn               (no ring)

@: sanguine armoured, drained
A: claws 1, magic regeneration, sanguine armour 1, demonic magic 1
a: Renounce Religion, Channel Magic


You were in the Dungeon.
You worshipped Sif Muna.
Sif Muna was pleased with you.
You visited 1 branch You collected 37 gold pieces.

Inventory:

Hand Weapons
 j - a +2 quarterstaff of chaos
Missiles
 i - 6 stones
Armour
 b - a +0 robe (worn)
 k - a +0 cloak (worn)
Wands
 a - a wand of flame (7)
 r - a wand of mindburst (10)
Scrolls
 h - a scroll of blinking
 m - a scroll of immolation {unknown}
 n - 2 scrolls of identify
 p - a scroll of torment {unknown}
 q - a scroll of holy word {unknown}
Potions
 c - 3 potions of curing
 d - a potion of heal wounds
 e - 2 potions of haste
 f - 2 potions of magic
 g - 2 potions of berserk rage
 l - 4 potions of mutation {unknown}
 o - 4 potions of flight
 t - a potion of might
Miscellaneous
 s - a phantom mirror


   Skills:
 - Level 1.9 Dodging
 - Level 1.9 Stealth
 - Level 7.6 Spellcasting
 + Level 8.4 Conjurations
 + Level 4.3 Summonings
 - Level 1.0 Transmutations
 + Level 7.7 Air Magic
 - Level 5.8 Earth Magic
 - Level 10.0 Invocations
 - Level 4.3 Evocations


You had 10 spell levels left.
You knew the following spells:

 Your Spells              Type           Power      Damage    Failure   Level
a - Sandblast             Erth           62%        2d14      1%          1
d - Airstrike             Air            19%        N/A       3%          4
r - Stone Arrow           Conj/Erth      72%        3d11      1%          3
y - Summon Lightning Spi  Summ/Air       31%        N/A       8%          4

Your spell library contained the following spells:

 Spells                   Type           Power      Damage    Failure   Level
 Passwall                 Tmut/Erth      17%        N/A       3%          2
 Lightning Bolt           Conj/Air       20%        1d35      9%          5
 Petrify                  Tmut/Erth      21%        N/A       22%         4


Dungeon Overview and Level Annotations

Branches:
Dungeon (1/1)

Altars:
Cheibriados
Dithmenos
Elyvilon
Fedhas
Gozag
Hepliaklqana
Kikubaaqudgha
Makhleb
Nemelex Xobeh
Okawaru
Qazlal
Ru
Sif Muna
Trog
Uskayaw
Vehumet
Wu Jian
Xom
Yredelemnul
Zin
The Shining One
Beogh
Jiyva
Lugonu

Annotations:
D Josephine


Innate Abilities, Weirdness & Mutations

You have sharp fingernails.
You regenerate magic rapidly.
When seriously injured, your bleeding wounds create armour. (AC +6)
Spells you cast may paralyse adjacent enemies.


Message History

Unknown command.
Casting: Sandblast (safe; 1% risk of failure)
Confirm with . or Enter, or press ? or * to list all spells.
Aiming: Stone Arrow (safe; 1% risk of failure)
Press: ? - help, Shift-Dir - straight line, f - Josephine
Aim: Josephine, wielding a +0 dagger and wearing a +0 robe (black smoke, asleep, 100% to hit)
The stone arrow hits Josephine!!
Josephine is moderately wounded.
Josephine shouts!
Malevolent energies surge around you.
Casting: Stone Arrow (safe; 1% risk of failure)
Confirm with . or Enter, or press ? or * to list all spells.
An electric hum fills the air.
Malevolent energies surge around you. Josephine casts a spell at you.
The ghostly flame explodes!
The ghostly fireball engulfs you!!
You feel drained.
Ouch! That really hurt!
Your blood congeals into armour.
The ghostly fireball engulfs your lightning spire.
Your lightning spire completely resists.
There is an open door here.
You start resting.
Your lightning spire shoots out a bolt of lightning at Josephine!
The bolt of electricity hits Josephine! x2
The bolt of electricity hits your lightning spire.
Your lightning spire completely resists.
Josephine is nearby!
Casting: Summon Lightning Spire (dangerous; 8% risk of failure)
Confirm with . or Enter, or press ? or * to list all spells.
Aiming: Stone Arrow (safe; 1% risk of failure)
Press: ? - help, Shift-Dir - straight line, f/p - Josephine
Aim: Josephine, wielding a +0 dagger and wearing a +0 robe (severely wounded, ally target, 74% to hit)
The stone arrow hits Josephine!
Josephine is severely wounded.
Malevolent energies surge around you.
Josephine gestures at you while chanting.
The ghostly flame explodes!
The ghostly fireball engulfs you!!
You feel drained.
Ouch! That really hurt!
You die...

...♣ ♣.#___#___#__#$$#
.♣♣♣ ♣♣.#...#__.#._#$$o
.≈♣♣ ♣..###)#)###'##$$
≈≈.♣ ♣..#..........#.$
≈≈≈♣♣♣..'.⌠........#.#
≈≈≈≈≈...#...######'#$#
≈≈≈≈....#.⌠.#__#...#+#####
≈≈≈.....#...#__#...#.@§≈≈+
≈.......#)###__#@.8#.#≈≈≈#
........#...#__#...@.#@§§#
........#___#__'...#.#§§.#
▓▓▓▓▓▓▓▓▓▓▓▓▓▓▓▓▓▓▓▓▓▓ ▓▓▓


You could see Josephine (ally target) and a friendly lightning spire (summoned).

Vanquished Creatures
  A deep elf pyromancer (D)
  A shadow (D)
  A spatial vortex (D)
  A necrophage (D)
  A water elemental (D)
  Crazy Yiuf (D)
  A jelly (D)
  Jessica (D)
  A wizard (D)
  A necromancer (D)
  A kobold demonologist (D)
  3 humans (D)
  An endoplasm (D)
  A rat (D)
16 creatures vanquished.

Vanquished Creatures (others)
  5 plants (D)
5 creatures vanquished.

Grand Total: 21 creatures vanquished

Notes
Turn   | Place    | Note
-------+----------+-------------------------------------------
     0 | D        | MikeHunt the Demonspawn Earth Elementalist began the quest
                  | for the Orb.
     0 | D        | Reached XP level 1. HP: 13/13 MP: 3/3
     4 | D        | Reached skill level 1 in Transmutations
    55 | D        | Noticed Jessica
    56 | D        | Killed Jessica
    57 | D        | Gained mutation: You have sharp fingernails. [demonic
                  | ancestry]
    57 | D        | Reached XP level 2. HP: 19/19 MP: 2/7
    72 | D        | Noticed Crazy Yiuf
   114 | D        | Killed Crazy Yiuf
   115 | D        | Reached skill level 5 in Spellcasting
   115 | D        | Reached skill level 1 in Evocations
   115 | D        | Gained mutation: Spells you cast may paralyse adjacent
                  | enemies. [demonic ancestry]
   115 | D        | Reached XP level 3. HP: 24/24 MP: 5/9
   164 | D        | Reached XP level 4. HP: 30/30 MP: 6/11
   199 | D        | Noticed a water elemental
   204 | D        | Killed a water elemental
   205 | D        | Reached skill level 5 in Earth Magic
   227 | D        | Found a radiant altar of Vehumet.
   227 | D        | Found a shimmering blue altar of Sif Muna.
   227 | D        | Found an ancient bone altar of Kikubaaqudgha.
   227 | D        | Noticed a wizard
   230 | D        | Killed a wizard
   231 | D        | Reached XP level 5. HP: 28/35 MP: 9/14
   239 | D        | Became a worshipper of Sif Muna the Loreminder
   247 | D        | Learned a level 3 spell: Stone Arrow
   252 | D        | Learned a level 4 spell: Summon Lightning Spire
   340 | D        | Found a shadowy altar of Dithmenos.
   340 | D        | Noticed a necrophage
   344 | D        | Killed a necrophage
   345 | D        | Reached skill level 4 in Invocations
   346 | D        | Gained mutation: When seriously injured, your bleeding
                  | wounds create armour. (AC +6) [demonic ancestry]
   346 | D        | Reached XP level 6. HP: 41/41 MP: 6/16
   346 | D        | Found a basalt altar of Yredelemnul.
   346 | D        | Found a sacrificial altar of Ru.
   396 | D        | Reached * piety under Sif Muna
   397 | D        | Reached skill level 5 in Invocations
   405 | D        | Noticed a deep elf pyromancer
   411 | D        | Killed a deep elf pyromancer
   412 | D        | Reached skill level 9 in Invocations
   412 | D        | Gained mutation: You regenerate magic rapidly. [demonic
                  | ancestry]
   412 | D        | Reached XP level 7. HP: 28/46 MP: 1/18
   532 | D        | Noticed a shadow
   538 | D        | Killed a shadow
   723 | D        | Found a blossoming altar of Fedhas.
   723 | D        | Found a stormy altar of Qazlal.
   723 | D        | Found a snail-covered altar of Cheibriados.
   723 | D        | Found a burning altar of Makhleb.
   723 | D        | Found a shimmering altar of Xom.
   724 | D        | Found a hazy altar of Hepliaklqana.
   724 | D        | Found an opulent altar of Gozag.
   724 | D        | Found a sparkling altar of Nemelex Xobeh.
   724 | D        | Found a corrupted altar of Lugonu.
   724 | D        | Found a viscous altar of Jiyva.
   724 | D        | Noticed a spatial vortex
   727 | D        | Killed a spatial vortex
   727 | D        | Reached ** piety under Sif Muna
   728 | D        | Reached skill level 10 in Invocations
   728 | D        | Reached XP level 8. HP: 52/52 MP: 10/19
   751 | D        | Learned a level 4 spell: Airstrike
   753 | D        | Found a hide-covered altar of Uskayaw.
   753 | D        | Found an iron altar of Okawaru.
   753 | D        | Found a bloodstained altar of Trog.
   753 | D        | Found an ornate altar of the Wu Jian Council.
   826 | D        | Noticed Josephine
   839 | D        | Killed from afar by Josephine

Illustrated notes

Levels and vault maps discovered:
D:        dungeon_sprint_mu [sprint_mu_entry_forest, sprint_mu_temple_rooms,
          sprint_mu_d1_horrors, sprint_mu_d2_genie, sprint_mu_d3_branching,
          sprint_mu_orc_legion, sprint_mu_elf_gauntlet, sprint_mu_hive_nellie,
          sprint_mu_lair_fedhas, sprint_mu_vaults_butterflies,
          sprint_mu_slime_circle, sprint_mu_swamp_cave, sprint_mu_shoals_archi,
          sprint_mu_blade_basic, sprint_mu_crypt_lich, sprint_mu_tomb_spiral,
          sprint_mu_vestibule_basic, sprint_mu_gehenna_hellfire,
          sprint_mu_dis_giant, sprint_mu_tartarus_statrot,
          sprint_mu_cocytus_islands, sprint_mu_zot1]

Skill      XL: |  1  2  3  4  5  6  7  8 |
---------------+-------------------------+-----
Transmutations | 1 |  1.0
Spellcasting   | 4 5 7 |  7.6
Earth Magic    | 4 5 |  5.8
Evocations     | 1 2 4 |  4.3
Conjurations   | 3 7 8 |  8.4
Air Magic      | 3 6 7 |  7.7
Invocations    | 4 9 10 | 10.0
Summonings     | 2 4 |  4.3
Dodging        | |  1.9
Stealth        | |  1.9

Action                   |  1- 3 |  4- 6 |  7- 9 || total
-------------------------+-------+-------+-------++-------
 Cast: Sandblast         |     9 |    14 |     1 ||    24
       Stone Arrow       |       |     4 |    16 ||    20
       Summon Lightning  |       |       |     2 ||     2
Evoke: Wand              |     2 |     1 |       ||     3
Dodge: Dodged            |     1 |     4 |     1 ||     6

Table legend: (Time is in decaauts)
 A = Elapsed time spent in this place.
 B = Non-inter-level travel time spent in this place.
 C = Inter-level travel time spent in this place.
 D = Time resting spent in this place.
 E = Time spent auto-exploring this place.
 F = Levels seen in this place.
 G = Mean time per level.
                   A        B        C        D        E       F      G
               +--------+--------+--------+--------+--------+-----+--------+
         Total |    842 |    842 |      0 |    557 |      0 |   1 |  842.0 |
       Dungeon |    842 |    842 |      0 |    557 |      0 |   1 |  842.0 |
               +--------+--------+--------+--------+--------+-----+--------+

Top non-repeatable levels by time:
       D: 842 daAuts
